 Dungeon Crawl Stone Soup version 0.30-a0-141-g30f27751c5 (webtiles) character file.

Game seed: 10703776934778883084

857 qw the Chopper (level 8, -1/48 HPs)
             Began as a Gargoyle Fighter on Sept 24, 2022.
             Was a Follower of Okawaru.
             Slain by Duvessa
             ... wielding a +0 short sword of venom
              (10 damage)
             ... on level 5 of the Dungeon.
             The game lasted 00:01:33 (4071 turns).

qw the Chopper (Gargoyle Fighter)                   Turns: 4071, Time: 00:01:33

Health: -1/48      AC: 13    Str: 20 (22) XL:     8   Next: 2%
Magic:  6/9        EV: 11    Int:  8 (9)  God:    Okawaru [*.....]
Gold:   160        SH:  7    Dex:  9      Spells: 7/7 levels left

rFire   . . .      SeeInvis .    f - +0 broad axe
rCold   . . .      Faith    .    q - +2 buckler
rNeg    + . .      Spirit   .    b - +0 scale mail
rPois   inf        Reflect  .    (no helmet)
rElec   +          Harm     .    (no cloak)
rCorr   .          Rampage  .    (no gloves)
Will    .....                    (no boots)
Stlth   +.........               (no amulet)
HPRegen 0.16/turn                (no ring)
MPRegen 0.11/turn                (no ring)

@: about to teleport, heroic
A: sickness immunity, AC +5, negative energy resistance 1, electricity
resistance, torment resistance 1, petrification resistance, hooves 1
a: Renounce Religion, Heroism


You were on level 5 of the Dungeon.
You worshipped Okawaru.
Okawaru was aware of your devotion.
You visited 2 branches of the dungeon, and saw 6 of its levels.

You collected 160 gold pieces.


Innate Abilities, Weirdness & Mutations

You are immune to sickness and miasma.
Your stone body is resilient. (AC +5)
You are immune to poison.
You resist negative energy. (rN+)
You are resistant to electric shocks. (rElec)
You are resistant to unholy torment.
You are immune to petrification.
You have large cloven feet.


   Skills:
 + Level 4.8(9.8) Fighting
 - Level 7.0(12.0) Axes
 - Level 3.2(8.2) Armour
 - Level 1.0(6.0) Dodging
 - Level 3.2(8.2) Shields
 + Level 2.6 Invocations


You had 7 spell levels left.
You didn't know any spells.
Your spell library was empty.

Inventory:

Hand Weapons
 f - a +0 broad axe (weapon)
 p - the +5 flail of Erainuc {chaos, SInv}
   (You found it on level 3 of the Dungeon)

   Each time it hits an enemy it has a different, random effect.
   SInv:      It lets you see invisible.
Missiles
 i - a boomerang (quivered)
Armour
 b - a +0 scale mail (worn)
 q - a +2 buckler (worn)
Scrolls
 c - a scroll of fear {unknown}
 e - 2 scrolls of identify
Potions
 a - a potion of attraction {unknown}
 d - a potion of might
 g - a potion of lignification {unknown}
 j - 2 potions of haste {unknown}
 k - 2 potions of brilliance {unknown}
 l - a potion of mutation
 m - a potion of heal wounds
 n - 3 potions of curing

Dungeon Overview and Level Annotations

Branches:
Dungeon (5/15)             Temple (1/1) D:4

Altars:
Cheibriados
Dithmenos
Elyvilon
Fedhas
Gozag
Kikubaaqudgha
Nemelex Xobeh
Okawaru
Qazlal
Sif Muna
Trog
Uskayaw
Vehumet
The Shining One

Shops:
D:4 :

Annotations:
D:5 Duvessa


Message History

Okawaru accepts your kill.
You hear a distant scream of rage.
You feel your dexterity returning.
You have reached level 8!
You feel clever.
You start resting.
You feel like a meek peon again.
Duvessa, Sister of Dowan comes into view.
She is wielding a +0 short sword of venom and carrying a wand of quicksilver (6).
4062 ||| INVOKING Heroism.
You gain the combat prowess of a mighty hero.
Duvessa shouts!
Duvessa goes berserk!
Duvessa hits you with a +0 short sword of venom!
You closely miss Duvessa. Duvessa hits you but does no damage.
Duvessa hits you with a +0 short sword of venom.
You closely miss Duvessa. Duvessa barely misses you.
You hit Duvessa.
Duvessa is lightly wounded.
Duvessa closely misses you.
Duvessa hits you with a +0 short sword of venom.
You hit Duvessa. You kick Duvessa.
Duvessa is lightly wounded.
You block Duvessa's attack.
You slice Duvessa!! You kick Duvessa, but do no damage.
Duvessa is heavily wounded.
Duvessa hits you with a +0 short sword of venom.
Duvessa hits you but does no damage.
You slash Duvessa! Your kick misses Duvessa.
Duvessa is severely wounded.
Duvessa barely misses you. Duvessa hits you but does no damage.
You slash Duvessa! You kick Duvessa, but do no damage.
Duvessa is almost dead.
Duvessa hits you with a +0 short sword of venom!
4071 ||| READING scroll of teleportation.
As you read the scroll of teleportation, it crumbles to dust.
You feel strangely unstable. Duvessa barely misses you.
Duvessa hits you with a +0 short sword of venom!
You die...

##### ...###### #......#
#.e....# ## #..@)..#
.######### #......# ..##.....#
#....(.# ...#.....# #.%#...#
#........# #..#.#...####
####.....#####.##.###....####
#...........##...####....#
#........................##
#......###.[####...##.....####


You could see Duvessa (berserk).

Vanquished Creatures
  Sigmund (D:2)
  3 ogres
  2 scorpions
  Dowan (D:5)
  4 hounds
  An iguana (D:4)
  5 adders
  A white imp (D:5)
  2 worms
  6 dart slugs
  3 orcs
  7 ball pythons
  7 endoplasms
  A giant cockroach (D:3)
  4 goblins (D:2)
  7 hobgoblins
  3 jackals (D:2)
  4 kobolds
  9 quokkas
  4 bats
  2 frilled lizards
  3 rats
80 creatures vanquished.

Notes
Turn   | Place    | Note
-------+----------+-------------------------------------------
     0 | D:1      | qw the Gargoyle Fighter began the quest for the Orb.
     0 | D:1      | Reached XP level 1. HP: 14/14 MP: 1/1
     0 | D:1      | 0 ||| qw: Version: 0.1.0-9-gbc19398
     0 | D:1      | 0 ||| qw: Game counter: 51
     0 | D:1      | 0 ||| qw: Always use a shield: true
     0 | D:1      | 0 ||| qw: God list: Okawaru
     0 | D:1      | 0 ||| qw: Allow faded altars: false
     0 | D:1      | 0 ||| qw: Do Orc after D:15 true
     0 | D:1      | 0 ||| qw: Do second Lair branch before Depths: true
     0 | D:1      | 0 ||| qw: Lair rune preference: random
     0 | D:1      | 0 ||| qw: Plans: Normal, Zot:1-4, God:TSO, Crypt, Tomb,
                  | Pan, Slime:5, Hells, Abyss, Orb
     0 | D:1      | 0 ||| PLANNING D:1-11
    66 | D:1      | Reached skill level 2 in Axes
    88 | D:1      | Found a faded altar of an unknown god.
   198 | D:1      | Reached XP level 2. HP: 19/19 MP: 2/2
   357 | D:1      | 357 ||| Stepping ~*~*~tactically~*~*~ (hiding).
   719 | D:1      | 719 ||| DROPPING ring of wizardry.
   720 | D:1      | 720 ||| READING scroll labelled AKARON DEESTRU.
   721 | D:1      | 721 ||| READING scroll labelled YKA GELERIKOOM.
   722 | D:1      | 722 ||| READING scroll labelled WANACI DANAS.
   723 | D:1      | 723 ||| DRINKING 2 dark potions.
   723 | D:1      | Gained mutation: You have large cloven feet. [potion of
                  | mutation]
   752 | D:2      | Reached skill level 3 in Axes
   798 | D:2      | 798 ||| DROPPING +0 mace.
   844 | D:2      | Reached XP level 3. HP: 15/23 MP: 3/3
   976 | D:2      | 976 ||| Stepping ~*~*~tactically~*~*~ (hiding).
   979 | D:2      | 979 ||| FLEEEEING.
   980 | D:2      | 980 ||| FLEEEEING.
   981 | D:2      | 981 ||| FLEEEEING.
   982 | D:2      | 982 ||| FLEEEEING.
  1001 | D:2      | 1001 ||| FLEEEEING.
  1002 | D:2      | 1002 ||| FLEEEEING.
  1003 | D:2      | 1003 ||| FLEEEEING.
  1004 | D:2      | 1004 ||| FLEEEEING.
  1005 | D:2      | 1005 ||| FLEEEEING.
  1006 | D:2      | 1006 ||| FLEEEEING.
  1007 | D:2      | 1007 ||| FLEEEEING.
  1008 | D:2      | 1008 ||| FLEEEEING.
  1009 | D:2      | 1009 ||| FLEEEEING.
  1158 | D:2      | 1158 ||| Stepping ~*~*~tactically~*~*~ (stealth).
  1165 | D:2      | 1165 ||| Stepping ~*~*~tactically~*~*~ (stealth).
  1377 | D:2      | Reached XP level 4. HP: 28/28 MP: 4/4
  1452 | D:2      | Noticed Sigmund
  1458 | D:2      | Killed Sigmund
  1459 | D:2      | Reached skill level 5 in Axes
  1459 | D:2      | Reached XP level 5. HP: 32/32 MP: 5/5
  1459 | D:2      | Reached XP level 6. HP: 37/37 MP: 6/6
  1649 | D:2      | 1649 ||| READING scroll labelled MEFOXK MAIXIC.
  1654 | D:2      | 1654 ||| READING scroll labelled IRCHAG KOUKH.
  1783 | D:3      | Found a hide-covered altar of Uskayaw.
  1784 | D:3      | 1784 ||| Stepping ~*~*~tactically~*~*~ (hiding).
  1788 | D:3      | Found an ancient bone altar of Kikubaaqudgha.
  1788 | D:3      | Found a stormy altar of Qazlal.
  2155 | D:3      | Identified the +5 flail of Erainuc {chaos, SInv}
  2157 | D:3      | 2157 ||| DROPPING +1 antimagic mace.
  2230 | D:3      | 2230 ||| Stepping ~*~*~tactically~*~*~ (stealth).
  2231 | D:3      | 2231 ||| Stepping ~*~*~tactically~*~*~ (stealth).
  2233 | D:3      | 2233 ||| Stepping ~*~*~tactically~*~*~ (stealth).
  2312 | D:3      | 2312 ||| UPGRADING to +2 buckler.
  2322 | D:3      | 2322 ||| DROPPING +0 buckler.
  2323 | D:3      | 2323 ||| READING scroll labelled ULASTA KUYGRAMN.
  2324 | D:3      | 2324 ||| DRINKING 2 lumpy brown potions.
  2325 | D:3      | 2325 ||| DROPPING potion of flight.
  2352 | D:4      | Found a staircase to the Ecumenical Temple.
  2353 | D:4      | 2353 ||| PLANNING TEMPLE
  2360 | Temple   | Entered the Ecumenical Temple
  2397 | Temple   | 2397 ||| PLANNING D:1-11
  2411 | Temple   | Became a worshipper of Warmaster Okawaru
  2443 | D:4      | Found Dirah's Book Shoppe.
  2457 | D:4      | 2457 ||| Stepping ~*~*~tactically~*~*~ (stealth).
  2467 | D:4      | 2467 ||| Stepping ~*~*~tactically~*~*~ (stealth).
  2468 | D:4      | 2468 ||| Stepping ~*~*~tactically~*~*~ (stealth).
  2474 | D:4      | 2474 ||| DRINKING 2 blue potions.
  2564 | D:4      | Reached skill level 1 in Dodging
  2636 | D:4      | Found a snail-covered altar of Cheibriados.
  2806 | D:4      | Reached skill level 6 in Axes
  2806 | D:4      | Reached XP level 7. HP: 44/44 MP: 7/7
  2902 | D:4      | 2902 ||| Stepping ~*~*~tactically~*~*~ (hiding).
  3088 | D:4      | 3088 ||| Stepping ~*~*~tactically~*~*~ (stealth).
  3089 | D:4      | 3089 ||| Stepping ~*~*~tactically~*~*~ (stealth).
  3253 | D:4      | 3253 ||| READING 2 scrolls labelled TAOTIR ZUME.
  3254 | D:4      | 3254 ||| DRINKING 2 silvery potions.
  3255 | D:4      | 3255 ||| DRINKING 3 red potions.
  3256 | D:4      | 3256 ||| DROPPING scroll of noise.
  3257 | D:4      | 3257 ||| DROPPING potion of degeneration.
  3288 | D:5      | Entered Level 5 of the Dungeon
  3291 | D:5      | 3291 ||| STAIRDANCE
  3300 | D:5      | 3300 ||| STAIRDANCE
  3529 | D:5      | Reached * piety under Okawaru
  3530 | D:5      | 3530 ||| STAIRDANCE
  3672 | D:5      | 3672 ||| Stepping ~*~*~tactically~*~*~ (hiding).
  3678 | D:5      | 3678 ||| FLEEEEING.
  3680 | D:5      | 3680 ||| FLEEEEING.
  3683 | D:5      | 3683 ||| FLEEEEING.
  3684 | D:5      | 3684 ||| FLEEEEING.
  3693 | D:5      | 3693 ||| Stepping ~*~*~tactically~*~*~ (stealth).
  3704 | D:5      | 3704 ||| INVOKING Heroism.
  3711 | D:5      | Reached skill level 1 in Invocations
  3759 | D:5      | Reached skill level 7 in Axes
  3923 | D:5      | 3923 ||| SWAPPING to +0 broad axe.
  3924 | D:5      | 3924 ||| DROPPING +0 war axe.
  4015 | D:5      | Identified the +0 robe "Tefoaraa" {Will- Regen+ Str+2}
  4046 | D:5      | Noticed Dowan
  4047 | D:5      | 4047 ||| INVOKING Heroism.
  4059 | D:5      | Killed Dowan
  4060 | D:5      | Reached XP level 8. HP: 44/48 MP: 7/9
  4061 | D:5      | Noticed Duvessa
  4062 | D:5      | 4062 ||| INVOKING Heroism.
  4070 | D:5      | HP: 8/48 [Duvessa/+0 short sword of venom (11)]
  4071 | D:5      | 4071 ||| READING scroll of teleportation.
  4071 | D:5      | Slain by Duvessa

Levels and vault maps discovered:
D:1:      dpeg_arrival_chambers_temple_mockup, layout_rooms,
          chequers_ecumenical_altar_simple
D:2:      layout_basic, uniq_sigmund
D:3:      layout_rooms, chequers_temple_overflow_statue_of_worship,
          kennysheep_cross_bottleneck
D:4:      layout_loops_cross, slow_altar_2, minmay_temple_entry_crystal_x,
          serial_shops, shop, glass_columns_a, kennysheep_generic_room_3
D:5:      layout_rooms, serial_rivers, chequers_serial_rivers_room_b,
          chequers_serial_rivers_micro_b, chequers_serial_rivers_micro_a,
          chequers_serial_rivers_small_b, chequers_serial_rivers_large_a,
          uniq_duvessa
Temple:   nicolae_temple_ecumenical_triangle

Skill      XL: |  1  2  3  4  5  6  7 |
---------------+----------------------+-----
Axes           | 2 3 5 6 7 |  7.0
Fighting       | 4 |  4.8
Dodging        | 1 |  1.0
Invocations    | 2 |  2.6
Armour         | |  3.2
Shields        | |  3.2

Action                   |  1- 3 |  4- 6 |  7- 9 || total
-------------------------+-------+-------+-------++-------
Melee: War axe           |    95 |    78 |    48 ||   221
       Kick              |     7 |    15 |    17 ||    39
       Broad axe         |       |       |    16 ||    16
Throw: Boomerang         |       |    28 |    19 ||    47
Invok: Heroism           |       |       |     3 ||     3
  Use: Scroll            |     3 |     3 |     2 ||     8
       Potion            |     1 |     2 |     2 ||     5
Armor: Scale mail        |    47 |    43 |    24 ||   114
Dodge: Dodged            |    45 |    30 |    21 ||    96
Block: Buckler           |    18 |     9 |    19 ||    46

Table legend:
 A = Non-vault XP
 B = Vault XP
 C = Vault XP percentage of total XP
 D = Non-vault monster count
 E = Vault monster count
 F = Vault count percentage of total count
                 A         B        C        D         E       F
            +---------+---------+-------+---------+---------+-------
      Total |     923 |     302 |  24.7 |      76 |       4 |   5.0
            +---------+---------+-------+---------+---------+-------
        D:1 |      29 |       0 |   0.0 |      15 |       0 |   0.0
        D:2 |      69 |     226 |  76.6 |      23 |       1 |   4.2
        D:3 |      31 |       0 |   0.0 |      10 |       0 |   0.0
        D:4 |     416 |       7 |   1.7 |      19 |       2 |   9.5
        D:5 |     378 |      69 |  15.4 |       9 |       1 |  10.0
            +---------+---------+-------+---------+---------+-------
